 Dungeon Crawl Stone Soup version 0.22-a0-419-g492bfec (webtiles) character file.

441 galech the Fighter (level 7, 0/63 HPs)
             Began as a Gnoll Wanderer on May 15, 2018.
             Was a Follower of Okawaru.
             Slain by Sigmund
             ... wielding a +0 scythe
              (15 damage)
             ... on level 4 of the Dungeon.
             The game lasted 00:06:13 (4006 turns).

galech the Fighter (Gnoll Wanderer)                 Turns: 4006, Time: 00:06:14

Health: 0/63       AC:  5    Str: 17    XL:     7   Next: 2%
Magic:  10/10      EV: 10    Int: 14    God:    Okawaru [*.....]
Gold:   217        SH:  8    Dex: 14    Spells: 10/10 levels left

rFire    . . .     SeeInvis .   j - +0 spear
rCold    . . .     Gourm    .   x - +0 shield
rNeg     . . .     Faith    .   y - +1 robe {MR+}
rPois    .         Spirit   .   B - +0 helmet
rElec    .         Reflect  .   (no cloak)
rCorr    .         Harm     .   (no gloves)
MR       +....                  s - +0 pair of boots
Stlth    +++.......             (no amulet)
HPRegen  0.20/turn              (no ring)
MPRegen  0.12/turn              (no ring)

@: heavily drained
A: distributed training, fangs 1, strong nose
a: Heroism, Renounce Religion


You were on level 4 of the Dungeon.
You worshipped Okawaru.
Okawaru was aware of your devotion.
You were hungry.

You visited 1 branch of the dungeon, and saw 4 of its levels.

You collected 217 gold pieces.

Inventory:

Hand Weapons
 f - a +0 club
 g - a +0 dagger
 j - a +0 spear (weapon)
 v - a +0 halberd
Armour
 e - a +0 robe
 m - a +0 scale mail
 s - a +0 pair of boots (worn)
 x - a +0 shield (worn)
 y - a +1 robe of magic resistance (worn)
 B - a +0 helmet (worn)
Scrolls
 c - a scroll of blinking
 k - a scroll of identify
 l - 2 scrolls of teleportation
 n - 2 scrolls of fear
 p - a scroll of noise {unknown}
 q - 3 scrolls of remove curse
Potions
 a - 2 potions of haste
 b - a potion of berserk rage
 d - a potion of lignification
 i - a potion of ambrosia {unknown}
 o - 2 potions of might {unknown}
 r - 2 potions of curing
 u - a potion of degeneration {unknown}
 w - a potion of heal wounds {unknown}
 z - a potion of magic {unknown}
 A - a potion of flight {unknown}
Comestibles
 h - 4 rations
 t - 2 chunks of flesh


   Skills:
 + Level 8.8(7.4) Fighting
 + Level 2.1(1.0) Short Blades
 + Level 2.1(1.0) Long Blades
 + Level 2.1(1.0) Axes
 + Level 2.1(1.0) Maces & Flails
 + Level 2.1(1.0) Polearms
 + Level 2.1(1.0) Staves
 + Level 2.1(1.0) Slings
 + Level 2.1(1.0) Bows
 + Level 2.1(1.0) Crossbows
 + Level 3.4(2.1) Throwing
 + Level 2.1(1.0) Armour
 + Level 3.4(2.1) Dodging
 + Level 6.3(5.0) Stealth
 + Level 2.1(1.0) Shields
 + Level 3.4(2.1) Unarmed Combat
 + Level 2.1(1.0) Spellcasting
 + Level 1.7(0.5) Conjurations
 + Level 1.7(0.5) Hexes
 + Level 1.7(0.5) Charms
 + Level 1.7(0.5) Summonings
 + Level 1.7(0.5) Necromancy
 + Level 1.7(0.5) Translocations
 + Level 1.7(0.5) Transmutations
 + Level 1.7(0.5) Fire Magic
 + Level 1.7(0.5) Ice Magic
 + Level 1.7(0.5) Air Magic
 + Level 1.7(0.5) Earth Magic
 + Level 1.7(0.5) Poison Magic
 + Level 2.4(1.2) Invocations
 + Level 2.1(1.0) Evocations


You had 10 spell levels left.
You didn't know any spells.
Your spell library was empty.

Dungeon Overview and Level Annotations

Branches:
Dungeon (4/15)
 Temple: D:4-7

Altars:
Okawaru

Annotations:
D:3 1 runed door
D:4 Sigmund


Innate Abilities, Weirdness & Mutations

Your experience applies equally to all skills.
You have very sharp teeth.
Your uncanny sense of smell can sniff out nearby items.


Message History

* * * LOW HITPOINT WARNING * * *
You are too injured to fight recklessly!
You are too injured to fight recklessly!
You are too injured to fight recklessly!
You are too injured to fight recklessly!
You are too injured to fight recklessly!
You are too injured to fight recklessly!
You are too injured to fight recklessly!
You are too injured to fight recklessly!
You are too injured to fight recklessly!
You are too injured to fight recklessly!
You are too injured to fight recklessly!
You are too injured to fight recklessly!
You are too injured to fight recklessly!
You are too injured to fight recklessly!
You barely miss something. You miss something. Something hits you.
* * * LOW HITPOINT WARNING * * *
You closely miss something. Something hits you!
You die...

#....#
########..##########
.##.....##...........#
........'.....#.......
........#.....#.......
###+##..##.########..#
#.### ##..##.########...
......#.................
.....h{@................
.(....#...............รท.
#.### ####+#####.###....
##....###.###....
#......<....+....
#...........#....
#...........#....
###....###+###... ###+#
####


You could see a hound.

Vanquished Creatures
  A sky beast (D:2)
  A howler monkey (D:4)
  The ghost of Verendum the Caller, a weakling DESu (D:3)
  A hound (D:4)
  Jessica (D:3)
  Terence (D:3)
  7 adders
  4 gnolls
  3 oozes
  5 worms
  4 dart slugs
  3 leopard geckos
  An orc (D:3)
  6 giant cockroaches
  3 goblins
  6 hobgoblins
  2 jackals (D:2)
  6 kobolds
  2 quokkas
  A ball python (D:2)
  2 bats (D:3)
  6 frilled lizards
  4 rats
71 creatures vanquished.

Notes
Turn   | Place    | Note
-------+----------+-------------------------------------------
     0 | D:1      | galech the Gnoll Wanderer began the quest for the Orb.
     0 | D:1      | galech set off with: a potion of haste, a potion of berserk rage, a potion of curing, a potion of lignification, a +0 robe, a +0 club, a +0 dagger, a ration
     0 | D:1      | Reached XP level 1. HP: 26/26 MP: 1/1
   234 | D:1      | Reached XP level 2. HP: 7/33 MP: 2/2
  1193 | D:2      | Reached XP level 3. HP: 37/38 MP: 3/3
  1269 | D:2      | Found an iron altar of Okawaru.
  1283 | D:2      | Became a worshipper of Warmaster Okawaru
  1401 | D:2      | Noticed a sky beast
  1436 | D:2      | Reached skill level 1 in Invocations
  1442 | D:2      | Killed a sky beast
  1442 | D:2      | Reached skill level 1 in Short Blades
  1442 | D:2      | Reached skill level 1 in Long Blades
  1442 | D:2      | Reached skill level 1 in Axes
  1442 | D:2      | Reached skill level 1 in Maces & Flails
  1442 | D:2      | Reached skill level 1 in Polearms
  1442 | D:2      | Reached skill level 1 in Staves
  1442 | D:2      | Reached skill level 1 in Slings
  1442 | D:2      | Reached skill level 1 in Bows
  1442 | D:2      | Reached skill level 1 in Crossbows
  1442 | D:2      | Reached skill level 1 in Armour
  1442 | D:2      | Reached skill level 1 in Shields
  1442 | D:2      | Reached skill level 1 in Spellcasting
  1442 | D:2      | Reached skill level 1 in Conjurations
  1442 | D:2      | Reached skill level 1 in Hexes
  1442 | D:2      | Reached skill level 1 in Charms
  1442 | D:2      | Reached skill level 1 in Summonings
  1442 | D:2      | Reached skill level 1 in Necromancy
  1442 | D:2      | Reached skill level 1 in Translocations
  1442 | D:2      | Reached skill level 1 in Transmutations
  1442 | D:2      | Reached skill level 1 in Fire Magic
  1442 | D:2      | Reached skill level 1 in Ice Magic
  1442 | D:2      | Reached skill level 1 in Air Magic
  1442 | D:2      | Reached skill level 1 in Earth Magic
  1442 | D:2      | Reached skill level 1 in Poison Magic
  1442 | D:2      | Reached skill level 1 in Evocations
  1442 | D:2      | Reached XP level 4. HP: 10/45 MP: 4/6
  1442 | D:2      | Reached XP level 5. HP: 11/51 MP: 4/7
  1717 | D:2      | Reached * piety under Okawaru
  2120 | D:3      | Noticed Terence
  2521 | D:3      | Reached XP level 6. HP: 53/57 MP: 8/8
  2543 | D:3      | Killed Terence
  3063 | D:3      | Noticed Verendum's ghost (weakling DESu)
  3064 | D:3      | Noticed Jessica
  3145 | D:3      | Killed Verendum's ghost
  3387 | D:3      | Killed Jessica
  3673 | D:3      | Found a runed door.
  3986 | D:4      | Reached XP level 7. HP: 58/63 MP: 10/10
  3990 | D:4      | Noticed Sigmund
  4006 | D:4      | Slain by Sigmund

Vault maps used:
D:1:      elethiomel_arrival_infinity_welcomes_careful_drivers
D:2:      okawaru_ov_weapons_minmay, first_ration
D:3:      uniq_terence, uniq_crazy_yiuf_cottage, uniq_jessica
D:4:      uniq_sigmund, uniq_eustachio, uniq_ijyb

Skill      XL: |  1  2  3  4  5  6 |
---------------+-------------------+-----
Stealth        | 6 |  6.3
Invocations    | 1 2 |  2.4
Short Blades   | 1 2 |  2.1
Long Blades    | 1 2 |  2.1
Axes           | 1 2 |  2.1
Maces & Flails | 1 2 |  2.1
Polearms       | 1 2 |  2.1
Staves         | 1 2 |  2.1
Slings         | 1 2 |  2.1
Bows           | 1 2 |  2.1
Crossbows      | 1 2 |  2.1
Armour         | 1 2 |  2.1
Shields        | 1 2 |  2.1
Spellcasting   | 1 2 |  2.1
Conjurations   | 1 |  1.7
Hexes          | 1 |  1.7
Charms         | 1 |  1.7
Summonings     | 1 |  1.7
Necromancy     | 1 |  1.7
Translocations | 1 |  1.7
Transmutations | 1 |  1.7
Fire Magic     | 1 |  1.7
Ice Magic      | 1 |  1.7
Air Magic      | 1 |  1.7
Earth Magic    | 1 |  1.7
Poison Magic   | 1 |  1.7
Evocations     | 1 2 |  2.1
Throwing       | 3 |  3.4
Dodging        | 3 |  3.4
Unarmed Combat | 3 |  3.4
Fighting       | |  8.8

Action                   |  1- 3 |  4- 6 |  7- 9 || total
-------------------------+-------+-------+-------++-------
Melee: Spear             |   112 |   327 |    14 ||   453
       Club              |     7 |       |       ||     7
       Bite              |    12 |    32 |       ||    44
       Punch             |       |     1 |       ||     1
Invok: Heroism           |       |     1 |       ||     1
  Use: Potion            |     1 |       |       ||     1
       Scroll            |       |     5 |       ||     5
 Stab: Sleeping          |     7 |     3 |       ||    10
  Eat: Chunk             |     2 |     8 |       ||    10
Armor: Robe              |     3 |    13 |       ||    16
       Scale mail        |    37 |    97 |       ||   134
Dodge: Dodged            |    60 |   138 |     1 ||   199
Block: Shield            |       |    61 |     2 ||    63

Table legend:
 A = Spawn XP
 B = Non-spawn XP
 C = Spawn XP percentage of total XP
 D = Spawn monster count
 E = Non-spawn monster count
 F = Spawn count percentage of total count
 G = Total turns spent on level
                    A         B        C        D         E        F      G
               +---------+---------+-------+---------+---------+-------+---------
         Total |       0 |     631 |   0.0 |       0 |      71 |   0.0 |  4006
               +---------+---------+-------+---------+---------+-------+---------
           D:1 |       0 |      32 |   0.0 |       0 |      13 |   0.0 |  1179
           D:2 |       0 |     253 |   0.0 |       0 |      26 |   0.0 |  1578
           D:3 |       0 |     248 |   0.0 |       0 |      30 |   0.0 |  1098
           D:4 |       0 |      98 |   0.0 |       0 |       2 |   0.0 |   151
               +---------+---------+-------+---------+---------+-------+---------
